 Dungeon Crawl Stone Soup version 0.27.1 (webtiles) character file.

Game seed: 1495636890692503573

1228 ABBCCCDDDD the Conjurer (level 8, -5/81 HPs)
             Began as an Octopode Chaos Knight on Sept 1, 2021.
             Was a Plaything of Xom.
             Slain by a wraith (11 damage)
             ... on level 6 of the Dungeon.
             The game lasted 00:13:46 (7707 turns).

ABBCCCDDDD the Conjurer (Octopode Chaos Knight)     Turns: 7707, Time: 00:13:47

Health: -5/81      AC:  1    Str:  9    XL:     8   Next: 48%
Magic:  4/10       EV: 14    Int: 16    God:    Xom [.*....]
Gold:   231        SH:  0    Dex: 12    Spells: 2/10 levels left

rFire    . . .     SeeInvis .     - Unarmed
rCold    . . .     Faith    .   (no shield)
rNeg     . . .     Spirit   .   (helmet restricted)
rPois    .         Reflect  .   d - amulet of magic regeneration
rElec    .         Harm     .   g - ring of resist corrosion
rCorr    +         Rampage  .   r - ring of flight
Will     .....                  (no ring)
Stlth    ..........             (no ring)
HPRegen  0.23/turn              (no ring)
MPRegen  0.37/turn              (no ring)
                                (no ring)
                                (no ring)

@: berserking, cleaving, flying, slowed
A: almost no armour, amphibious, 8 rings, camouflage 1, gelatinous body 1,
(nimble swimmer 1), tentacles, weak 1
a: Renounce Religion


You were on level 6 of the Dungeon.
You worshipped Xom.
You were a plaything of Xom.
You visited 1 branch of the dungeon, and saw 6 of its levels.

You collected 231 gold pieces.

Inventory:

Hand Weapons
 a - a +0 spear
 y - the +4 flail "Ulu Kuipa" {drain, rPois MP+9 Str-3}
   (You found it on level 5 of the Dungeon)

   A truly terrible weapon, it drains the life of any living foe it strikes.
   Str:       It affects your strength (-3).
   rPois:     It protects you from poison.
   MP:        It affects your magic capacity (+9).
Missiles
 i - 48 poisoned darts (quivered)
 n - 2 throwing nets
Jewellery
 d - an amulet of magic regeneration (around mantle)
 g - a ring of resist corrosion (left tentacle)
 r - a ring of flight (right tentacle)
 C - an amulet of guardian spirit
Wands
 e - a wand of flame (17)
 m - a wand of polymorph (14)
 t - a wand of paralysis (9)
Scrolls
 b - 2 scrolls of fog
 o - 2 scrolls of enchant weapon {unknown}
 p - a scroll of holy word
 q - a scroll of magic mapping
 s - 2 scrolls of enchant armour {unknown}
 u - a scroll of teleportation {unknown}
 v - a scroll of noise {unknown}
 w - a scroll of fear {unknown}
 x - a scroll of amnesia {unknown}
Potions
 c - 2 potions of ambrosia
 f - 2 potions of magic
 j - a potion of heal wounds {unknown}
 l - 3 potions of curing {unknown}
 z - a potion of attraction {unknown}
 A - a potion of degeneration {unknown}
 B - a potion of brilliance {unknown}


   Skills:
 - Level 4.0 Fighting
 - Level 3.9 Dodging
 - Level 3.0 Unarmed Combat
 - Level 1.5 Spellcasting
 + Level 5.3 Conjurations
 + Level 5.3 Fire Magic
 - Level 4.0 Evocations


You had 2 spell levels left.
You knew the following spells:

 Your Spells              Type           Power      Damage    Failure   Level
a - Fireball              Conj/Fire      9%         3d6       56%         5
b - Magic Dart            Conj           72%        1d6       2%          1
c - Searing Ray           Conj           36%        3d4       3%          2

Your spell library contained the following spells:

 Spells                   Type           Power      Damage    Failure   Level
 Call Imp                 Summ           1%         N/A       32%         2
 Mephitic Cloud           Conj/Pois/Air  6%         N/A       32%         3
 Gell's Gravitas          Tloc           0%         N/A       54%         3
 Teleport Other           Tloc           1%         N/A       54%         3
 Iskenderun's Battlesphe  Conj           18%        2d7       56%         5
 Fulminant Prism          Conj/Hex       4%         3d6       58%         4
 Conjure Ball Lightning   Conj/Air       4%         3x3d6     100%        6
 Dispersal                Tloc           0%         N/A       100%        6
 Orb of Destruction       Conj           9%         9d4       100%        7


Dungeon Overview and Level Annotations

Branches:
Dungeon (6/15)             Temple (0/1) D:4

Altars:
Fedhas
Qazlal
Sif Muna
The Shining One


Innate Abilities, Weirdness & Mutations

You cannot wear most types of armour.
You are amphibious.
You can wear up to eight rings at the same time.
Your skin changes colour to match your surroundings (Stealth+).
Your rubbery body absorbs attacks. (AC +1, EV +1)
((You are camouflaged near water. (Stealth+)))
You have tentacles for arms and can constrict up to eight enemies at once.
You are weak. (Str -2)


Message History

You feel yourself slow down.
The searing ray hits the wraith.
The wraith is severely damaged.
The wraith hits you. The wraith drains your vigour!
You feel as though you will be slow longer.
The searing ray hits the wraith.
The wraith is severely damaged.
You finish channeling your searing ray.
Xom snickers.
A monocle briefly appears over your right eye.
The wraith hits you! The wraith drains your vigour!
You feel as though you will be slow longer.
The wraith hits you!
Aiming: Corrosive Bolt
Press: ? - help, Shift-Dir - straight line, f/p - wraith
Aim: a wraith (severely damaged, 74% to hit)
The bolt of acid hits the wraith but does no damage.
The wraith is severely damaged.
The now-empty wand crumbles to dust.
The wraith hits you!
* * * LOW HITPOINT WARNING * * *
The wraith drains your vigour!
You feel as though you will be slow longer.
You don't have any such object.
Evoke which item? (* to show all) (? for menu, Esc to quit)
Okay, then.
Unknown command.
Aiming: Paralyse
Press: ? - help, Shift-Dir - straight line, f/p - wraith
Aim: a wraith (severely damaged, chance to affect: 24%)
Okay, then.
Okay, then.
Unknown command.
A red film seems to cover your vision as you go berserk!
You feel yourself moving faster!
You feel mighty! The wraith closely misses you. The wraith hits you!
* * * LOW HITPOINT WARNING * * *
You tentacle-slap the wraith but do no damage.
The wraith is severely damaged.
The wraith hits you!
You die...

... ####.#######.....
###.####.........##.....
#................##.....
#.......................
#...................####
#........#..........#
#....)...†..#########
#......W#####
.......@...#
..##....[....# .
#........(# #.###.....#
#. .#...# #. (.....#
......# .###..#


You could see a wraith.

Levels and vault maps discovered:
D:1:      dpeg_arrival_arbitrary_a, layout_loops_ring,
          hellmonk_ecumenical_altar_pennies_from_heaven
D:2:      kennysheep_the_goblin_king, layout_basic, minmay_misc_feat_plants,
          uniq_natasha
D:3:      layout_basic, nicolae_overflow_crystal_walls, solitary_fountain
D:4:      layout_loops_ring, led_sif_book, minmay_temple_entry_wispy
D:5:      layout_basic, nicolae_tso_carved_into_rock,
          mainiacjoe_overflow_tiny_flanked, minmay_chambers_of_fives
D:6:      layout_basic, trog_three_pillars_becter

Notes
Turn   | Place    | Note
-------+----------+-------------------------------------------
     0 | D:1      | ABBCCCDDDD the Octopode Chaos Knight began the quest for
                  | the Orb.
     0 | D:1      | Reached XP level 1. HP: 16/16 MP: 1/1
   184 | D:1      | Reached XP level 2. HP: 21/21 MP: 2/2
   896 | D:1      | XOM: divination: magic mapping
   905 | D:1      | Found a faded altar of an unknown god.
   915 | D:1      | Reached XP level 3. HP: 22/26 MP: 3/3
  1269 | D:2      | XOM is BORED!
  1269 | D:2      | XOM: silly message
  1292 | D:2      | XOM: summons 2 hostile demons
  1542 | D:2      | XOM: 6-stop teleportation journey
  2157 | D:2      | XOM: 8-stop teleportation journey
  2198 | D:2      | Noticed Ijyb
  2221 | D:2      | XOM is BORED!
  2221 | D:2      | XOM: chaos upgrade
  2242 | D:2      | XOM: confusion (+ monsters)
  2248 | D:2      | XOM: divination: detect items
  2264 | D:2      | Killed Ijyb
  2265 | D:2      | Reached skill level 1 in Spellcasting
  2265 | D:2      | Reached XP level 4. HP: 3/33 MP: 5/5
  2592 | D:2      | Noticed Natasha
  2599 | D:2      | XOM: fake destruction
  2600 | D:2      | XOM: confuse monster(s)
  3009 | D:2      | XOM: give mutations
  3009 | D:2      | Gained mutation: You are weak. (Str -2) [Xom's mischief]
  3156 | D:2      | Killed Natasha
  3157 | D:2      | Reached XP level 5. HP: 16/37 MP: 5/7
  3304 | D:2      | XOM: 1-stop teleportation journey
  3355 | D:2      | Learned a level 5 spell: Fireball
  3542 | D:2      | Noticed Natasha
  3550 | D:2      | Killed Natasha
  3561 | D:2      | Noticed Natasha
  3583 | D:2      | XOM: swap monsters
  3589 | D:2      | Killed Natasha
  3590 | D:2      | Reached skill level 1 in Conjurations
  3590 | D:2      | Reached skill level 1 in Fire Magic
  4123 | D:3      | Found a blossoming altar of Fedhas.
  4137 | D:3      | XOM: noise
  4294 | D:3      | Learned a level 1 spell: Magic Dart
  4456 | D:3      | XOM: summons 3 hostile demons
  4700 | D:3      | XOM: cast spell 'Alistair's Intoxication'
  4719 | D:3      | Reached XP level 6. HP: 37/43 MP: 8/8
  4781 | D:3      | XOM: noise
  4802 | D:3      | XOM: cast spell 'Summon Small Mammal'
  4963 | D:3      | XOM: god gift: robe {god gift}
  5266 | D:4      | XOM: noise
  5363 | D:4      | Learned a level 2 spell: Searing Ray
  5420 | D:4      | Reached skill level 1 in Evocations
  5841 | D:4      | Found a shimmering blue altar of Sif Muna.
  5915 | D:4      | Found a staircase to the Ecumenical Temple.
  5986 | D:4      | XOM: confusion (+ monsters)
  6184 | D:5      | Entered Level 5 of the Dungeon
  6212 | D:5      | Reached XP level 7. HP: 46/48 MP: 4/9
  6624 | D:5      | XOM: potion effect (haste)
  6685 | D:5      | XOM: 1-stop teleportation journey
  6711 | D:5      | XOM: 1-stop teleportation journey
  6878 | D:5      | Reached XP level 8. HP: 54/54 MP: 4/10
  6970 | D:5      | Identified the +4 flail "Ulu Kuipa" {drain, rPois MP+9
                  | Str-3}
  7223 | D:5      | Found a stormy altar of Qazlal.
  7252 | D:5      | Found a glowing golden altar of the Shining One.
  7445 | D:6      | Reached skill level 5 in Conjurations
  7445 | D:6      | Reached skill level 5 in Fire Magic
  7686 | D:6      | Noticed a wraith
  7689 | D:6      | XOM: confusion (+ monsters)
  7695 | D:6      | XOM: cleaving
  7704 | D:6      | XOM: silly message
  7707 | D:6      | Slain by a wraith

Table legend: (Time is in decaauts)
 A = Elapsed time spent in this place.
 B = Non-inter-level travel time spent in this place.
 C = Inter-level travel time spent in this place.
 D = Time resting spent in this place.
 E = Time spent auto-exploring this place.
 F = Levels seen in this place.
 G = Mean time per level.
                   A        B        C        D        E       F      G
               +--------+--------+--------+--------+--------+-----+--------+
         Total |   7676 |   7402 |    274 |   2832 |   3291 |   6 | 1279.3 |
       Dungeon |   7676 |   7402 |    274 |   2832 |   3291 |   6 | 1279.3 |
               +--------+--------+--------+--------+--------+-----+--------+

Top non-repeatable levels by time:
     D:2: 2787 daAuts
     D:1: 1357 daAuts
     D:5: 1229 daAuts
     D:4: 1014 daAuts
     D:3: 1013 daAuts
     D:6: 274 daAuts

Table legend:
 A = Kills in this place as a percentage of kills in entire the game.
 B = Kills by you in this place as a percentage of kills by you in the entire game.
 C = Kills by friends in this place as a percentage of kills by friends in the entire game.
 D = Other kills in this place as a percentage of other kills in the entire game.
 E = Experience gained in this place as a percentage of experience gained in the entire game.
 F = Experience gained in this place divided by the number of levels of this place that you have seen.
                   A       B       C       D       E      F
               +-------+-------+-------+-------+-------+----------------------
         Total | 100.0 | 100.0 |   N/A |   N/A | 100.0 | 292.5
       Dungeon | 100.0 | 100.0 |   N/A |   N/A | 100.0 | 292.5
               +-------+-------+-------+-------+-------+----------------------

Action                   |  1- 3 |  4- 6 |  7- 9 || total
-------------------------+-------+-------+-------++-------
Melee: Unarmed           |    95 |   140 |     9 ||   244
       Constrict         |    25 |    26 |     1 ||    52
       Tentacles         |    18 |    23 |     1 ||    42
       Punch             |     3 |     2 |       ||     5
       Dagger            |     6 |       |       ||     6
Throw: Dart              |     2 |    23 |     7 ||    32
 Cast: Magic Dart        |       |    40 |    13 ||    53
       Searing Ray       |       |     2 |    22 ||    24
Evoke: Wand              |       |     2 |     1 ||     3
  Use: Potion            |     1 |       |     1 ||     2
       Scroll            |       |       |     5 ||     5
 Stab: Sleeping          |     5 |     2 |       ||     7
Armor: Skin              |     8 |    10 |     4 ||    22
Dodge: Dodged            |    63 |    74 |    25 ||   162

Vanquished Creatures
  A black bear (D:5)
  A sky beast (D:5)
  2 ogres (D:5)
  A centaur (D:5)
  A phantom (D:5)
  A kobold brigand (D:6)
  2 scorpions (D:5)
  A howler monkey (D:6)
  A hound (D:5)
  A jelly (D:5)
  A bullfrog skeleton (D:6)
  An orc priest (D:4)
  Ijyb (D:2)
  An iguana (D:5)
  Natasha (thrice) (D:2)
  An orc wizard (D:4)
  A hound zombie (D:5)
  4 gnolls
  7 adders
  A shadow imp (D:6)
  4 dart slugs
  2 worms (D:2)
  8 orcs
  8 endoplasms
  2 giant cockroaches
  13 goblins
  7 hobgoblins
  6 jackals (D:4)
  9 kobolds
  A quokka (D:2)
  7 ball pythons
  5 bats
  4 frilled lizards
  11 rats
120 creatures vanquished.
